 Dungeon Sprint DCSS version 0.13-a0-2261-g830e84e (webtiles) character file.

2500000 Bruce the Middleweight Champion (level 19, -15/196 HPs)
             Began as a Hill Orc Monk on July 6, 2013.
             Was the Champion of Makhleb.
             Demolished by a destroyer
             ... wielding a +9,+9 great sword of slicing
              (152 damage)
             ... in the Dungeon (Sprint VIII: "Arena of Blood").
             The game lasted 00:01:02 (25 turns).

Bruce the Middleweight Champion (Hill Orc Monk)       Turns: 25, Time: 00:01:02

HP -15/196       AC  3     Str 21      XL: 19   Next: 29%
MP  18/33        EV 30     Int 10      God: Makhleb [******]
Gold 0           SH  0     Dex 14      Spells:  0 memorised, 34 levels left

Res.Fire  : . . .   See Invis. : .   i - +∞ Axe of Woe
Res.Cold  : . . .   Warding    : .   a - +0 orc robe
Life Prot.: . . .   Conserve   : .   (no shield)
Res.Poison: .       Res.Corr.  : .   (no helmet)
Res.Elec. : .       Clarity    : .   (no cloak)
Sust.Abil.: . .     Spirit.Shd : .   (no gloves)
Res.Mut.  : .       Prev.Telep.: +   (no boots)
Res.Rott. : .       Flight     : .   (no amulet)
Saprovore : + . .                    (no ring)
                                     (no ring)

@: somewhat resistant to hostile enchantments, incredibly stealthy
A: saprovore 1
a: Minor Destruction, Lesser Servant of Makhleb, Major Destruction, Greater
Servant of Makhleb, Renounce Religion


You were in the Dungeon.
You worshipped Makhleb.
Makhleb was exalted by your worship.
You were not hungry.

You visited 1 branch

Inventory:

Hand weapons
 i - the +∞,+∞ Axe of Woe (weapon)
   (You found it in the Dungeon)
Armour
 a - a +0 orcish robe (worn)
Comestibles
 b - a meat ration
Scrolls
 h - a scroll of blinking
Potions
 c - a potion of curing
 d - a potion of heal wounds
 e - a potion of speed
 f - 2 potions of magic
 g - a potion of berserk rage


   Skills:
 O Level 27 Fighting
 + Level 13.3 Axes
 + Level 10.6 Throwing
 + Level 11.5 Armour
 O Level 27 Dodging
 O Level 27 Stealth
 + Level 10.6 Traps
 O Level 27 Unarmed Combat
 + Level 8.0 Spellcasting
 + Level 13.0 Invocations


You had 34 spell levels left.
You didn't know any spells.

Dungeon Overview and Level Annotations

Branches:
Dungeon (1/1)

Altars:
Makhleb


Innate Abilities, Weirdness & Mutations

You can tolerate rotten meat.


Message History

You kill the bag of meat!
Makhleb accepts your kill.
You feel a little better.
Your Axes skill gained 2 levels and is now at level 13!
Your Throwing skill increases to level 10!
Your Armour skill increases to level 11!
Your Traps skill increases to level 10!
Your Spellcasting skill gained 2 levels and is now at level 8!
Your Invocations skill gained 2 levels and is now at level 13!
You are engulfed in roaring flames.
You hear a shout! 2 orcs, 2 ogres and a hill giant come into view.
A destroyer comes into view.
It is wielding a +9,+9 great sword of slicing.
You hear a shout!
The bag of meat is engulfed in roaring flames.
You hear a shout!
The destroyer is engulfed in roaring flames.
The destroyer hits you with a +9,+9 great sword of slicing!
Ouch! That really hurt!
You die...

... . ..o.... ..
C.... #. .Oo.# #..
o..# .. .###..
.o.###...
.......###o......%
........_.§V.V.....
.....#...§@#..... .
#_.<§o# . #...§o#
....._..§..
..%...###......
.###.. ...###. #..
.o.# #.. ...# ..
...O.


You could see 2 destroyers, a large bag of meat (inner flame), 2 meat berserkers
and 8 bags of meat.

Vanquished Creatures
  2 hill giants (D)
  5 ogres (D)
  15 orcs (D)
  A vampire knight (D)
23 creatures vanquished.

Notes
Turn   | Place    | Note
--------------------------------------------------------------
     0 | D        | Bruce, the Hill Orc Monk, began the quest for the Orb.
     0 | D        | Reached XP level 1. HP: 17/17 MP: 0/0
     3 | D        | Noticed a bag of meat
     4 | D        | Became a worshipper of Makhleb the Destroyer
     4 | D        | Acquired Makhleb's first power
     4 | D        | Acquired Makhleb's second power
     5 | D        | Noticed a bag of meat
     7 | D        | Noticed a bag of meat
    11 | D        | Noticed a meat berserker
    11 | D        | Noticed a bag of meat
    11 | D        | Killed a bag of meat
    11 | D        | Reached skill level 15 in Fighting
    11 | D        | Reached skill level 21 in Unarmed Combat
    11 | D        | Reached XP level 2. HP: 25/27 MP: 1/1
    11 | D        | Reached XP level 3. HP: 32/35 MP: 2/2
    11 | D        | Reached XP level 4. HP: 40/44 MP: 3/3
    11 | D        | Reached XP level 5. HP: 46/51 MP: 4/4
    11 | D        | Reached XP level 6. HP: 54/60 MP: 5/5
    11 | D        | Reached XP level 7. HP: 61/68 MP: 6/6
    11 | D        | Reached XP level 8. HP: 69/77 MP: 7/7
    11 | D        | Reached XP level 9. HP: 75/84 MP: 8/8
    11 | D        | Reached XP level 10. HP: 83/93 MP: 9/9
    11 | D        | Reached XP level 11. HP: 90/101 MP: 10/10
    11 | D        | Killed a bag of meat
    11 | D        | Reached skill level 5 in Stealth
    11 | D        | Reached skill level 23 in Unarmed Combat
    11 | D        | Reached XP level 12. HP: 110/113 MP: 11/11
    12 | D        | Noticed a bag of meat
    12 | D        | Killed a bag of meat
    12 | D        | Reached skill level 25 in Unarmed Combat
    12 | D        | Reached XP level 13. HP: 120/123 MP: 12/12
    13 | D        | Noticed a bag of meat
    13 | D        | Noticed a bag of meat
    13 | D        | Noticed a bag of meat
    13 | D        | Noticed a bag of meat
    13 | D        | Killed a meat berserker
    13 | D        | Acquired Makhleb's third power
    13 | D        | Reached skill level 15 in Dodging
    13 | D        | Reached skill level 27 in Unarmed Combat
    13 | D        | Reached XP level 14. HP: 132/135 MP: 13/13
    14 | D        | Noticed a bag of meat
    14 | D        | Killed a bag of meat
    15 | D        | Killed a bag of meat
    15 | D        | Reached XP level 15. HP: 131/150 MP: 14/14
    15 | D        | Killed a bag of meat
    15 | D        | Acquired Makhleb's fourth power
    16 | D        | Killed a bag of meat
    16 | D        | Killed a bag of meat
    16 | D        | Reached skill level 27 in Fighting
    16 | D        | Reached skill level 10 in Stealth
    16 | D        | Reached XP level 16. HP: 162/168 MP: 15/15
    17 | D        | Noticed a meat berserker
    17 | D        | Noticed a bag of meat
    17 | D        | Noticed a destroyer
    17 | D        | Killed a bag of meat
    18 | D        | Noticed a bag of meat
    18 | D        | Noticed a bag of meat
    18 | D        | Noticed a meat berserker
    18 | D        | Killed a meat berserker
    18 | D        | Acquired Makhleb's fifth power
    18 | D        | Killed a destroyer
    18 | D        | Killed a meat berserker
    18 | D        | Reached XP level 17. HP: 177/177 MP: 16/16
    19 | D        | Noticed a meat berserker
    19 | D        | Killed a bag of meat
    19 | D        | Reached skill level 27 in Dodging
    20 | D        | Noticed a meat berserker
    20 | D        | Killed a meat berserker
    20 | D        | Killed a bag of meat
    21 | D        | Noticed a bag of meat
    21 | D        | Noticed a large bag of meat
    21 | D        | Killed a meat berserker
    21 | D        | Reached XP level 18. HP: 187/187 MP: 17/17
    21 | D        | Killed a bag of meat
    22 | D        | Noticed a bag of meat
    22 | D        | Noticed a large bag of meat
    22 | D        | Noticed a bag of meat
    22 | D        | Killed a bag of meat
    22 | D        | Reached skill level 27 in Stealth
    23 | D        | Noticed a bag of meat
    23 | D        | Killed a large bag of meat
    23 | D        | Reached skill level 5 in Throwing
    23 | D        | Reached skill level 5 in Armour
    23 | D        | Reached skill level 5 in Traps
    23 | D        | Killed a bag of meat
    23 | D        | Reached skill level 5 in Spellcasting
    24 | D        | Noticed a bag of meat
    24 | D        | Noticed a destroyer
    24 | D        | Noticed a bag of meat
    24 | D        | Noticed a bag of meat
    24 | D        | Noticed a bag of meat
    24 | D        | Killed a large bag of meat
    24 | D        | Reached skill level 10 in Armour
    24 | D        | Reached XP level 19. HP: 129/196 MP: 17/32
    24 | D        | Killed a bag of meat
    24 | D        | Reached skill level 10 in Throwing
    24 | D        | Reached skill level 10 in Traps
    25 | D        | Noticed a bag of meat
    25 | D        | Noticed a meat berserker
    25 | D        | Noticed a bag of meat
    25 | D        | Noticed a meat berserker
    25 | D        | Noticed a large bag of meat
    25 | D        | Noticed a destroyer
    25 | D        | Demolished by a destroyer

Action                   |  1- 3 |  4- 6 |  7- 9 | 10-12 | 13-15 | 16-18 | 19-21 || total
-------------------------+-------+-------+-------+-------+-------+-------+-------++-------
Melee: Executioner's axe |     1 |       |       |     1 |     4 |     8 |       ||    14
